 Dungeon Crawl Stone Soup version 0.19.5 (webtiles) character file.

829 Peloso the Slasher (level 7, 0/61 HPs)
             Began as a Minotaur Fighter on Apr 9, 2017.
             Slain by Blork the orc
             ... wielding a cursed -1 mace
              (3 damage)
             ... on level 5 of the Dungeon.
             The game lasted 00:09:16 (3184 turns).

Peloso the Slasher (Minotaur Fighter)               Turns: 3184, Time: 00:09:17

Health: 0/61       AC: 10    Str: 30    XL:     7   Next: 65%
Magic:  6/6        EV:  7    Int:  5    God:
Gold:   62         SH: 11    Dex: 11    Spells: 0 memorised, 6 levels left

rFire  . . .     SeeInvis .     a - +0 long sword
rCold  . . .     Gourm    .     q - +0 chain mail
rNeg   . . .     Faith    .     c - +0 shield
rPois  .         Spirit   .     (helmet restricted)
rElec  .         Reflect  .     (no cloak)
rCorr  .         Harm     .     (no gloves)
MR     .....                    (no boots)
Stlth  ..........               (no amulet)
                                (no ring)
                                r - +4 ring of strength

@: mighty
A: retaliatory headbutt, horns 2
a: no special abilities


You were on level 5 of the Dungeon.
You were not hungry.

You visited 1 branch of the dungeon, and saw 5 of its levels.

You collected 188 gold pieces.
You spent 126 gold pieces at shops.

Inventory:

Hand Weapons
 a - a +0 long sword (weapon)
 j - a +1 short sword of flaming
Armour
 c - a +0 shield (worn)
 q - a +0 chain mail (worn)
Jewellery
 r - a +4 ring of strength (left hand)
Wands
 s - a wand of paralysis (19/24)
 y - a wand of lightning (2/15)
Scrolls
 e - 2 scrolls of remove curse {unknown}
 h - a scroll of recharging {unknown}
 i - 5 scrolls of teleportation {unknown}
 k - a scroll of magic mapping {unknown}
 n - a scroll of enchant weapon {unknown}
 o - 2 scrolls of amnesia {unknown}
 t - a scroll of random uselessness {unknown}
 u - 4 scrolls of identify {unknown}
 v - a scroll of blinking {unknown}
Potions
 d - 2 potions of might
 l - a potion of haste {unknown}
 m - 4 potions of curing
 p - a potion of invisibility {unknown}
 w - 3 potions of heal wounds
 z - 2 potions of berserk rage {unknown}
 C - a potion of mutation {unknown}
Comestibles
 b - a slice of pizza
 f - 3 bread rations
 g - 3 meat rations
 x - a chunk of flesh
 A - 6 fruits
 B - a beef jerky


   Skills:
 + Level 5.6 Fighting
 + Level 6.8 Long Blades
 + Level 5.6 Armour
 + Level 1.5 Dodging
 + Level 0.1 Stealth
 + Level 6.0 Shields


You had 6 spell levels left.
You didn't know any spells.

Dungeon Overview and Level Annotations

Branches:
Dungeon (5/15)
 Temple: D:4-7

Altars:
Dithmenos
Elyvilon
Hepliaklqana
Kikubaaqudgha
Sif Muna
Uskayaw

Shops:
D:5 !

Annotations:
D:5 Blork the orc


Innate Abilities, Weirdness & Mutations

You reflexively headbutt those who attack you in melee.
You have a pair of horns on your head.


Message History

* * * LOW HITPOINT WARNING * * *
You closely miss the orc warrior. Your headbutt misses the orc warrior.
The orc warrior is severely wounded.
The orc warrior hits you with a falchion!
* * * LOW HITPOINT WARNING * * *
The orc warrior blocks your attack.
Your headbutt misses the orc warrior.
The orc warrior is severely wounded.
The orc warrior barely misses you.
You slice the orc warrior!!
You kill the orc warrior!
Your Shields skill increases to level 6!
Something hits you.
* * * LOW HITPOINT WARNING * * *
You closely miss something. Your headbutt misses something. Something hits you.
* * * LOW HITPOINT WARNING * * *
You closely miss something. Something hits you but does no damage.
Something hits you.
* * * LOW HITPOINT WARNING * * *
You slash something! You headbutt something! Something hits you.
You die...

#.# #.# #.# #.# ##+###.##
#.#
#.......#########.########
#.........................
#.>.......................
####.......#
#######.########
.!.........#########.#
......###.#)@).......#
.###. #.#.########## )#
#.#.########## ##
#.#.#........# ..
....#........# .
....#........#
....+........# #####
...#.....)..####....
#...........†....


There were no monsters in sight!

Vanquished Creatures
  An orc warrior (D:5)
  A phantom (D:4)
  A gnoll sergeant (D:5)
  2 wights (D:5)
  A howler monkey (D:4)
  A centaur zombie (D:5)
  An orc wizard (D:4)
  2 bullfrog skeletons
  An orc priest (D:4)
  A centaur skeleton (D:5)
  A worker ant (D:5)
  An iguana (D:5)
  A hound skeleton (D:4)
  2 worker ant zombies (D:5)
  12 adders
  3 worms
  2 leopard geckos (D:2)
  5 orcs
  A ball python (D:4)
  6 bats
  5 giant cockroaches
  9 goblins
  3 hobgoblins
  13 jackals
  A quokka (D:3)
  5 frilled lizards
  10 kobolds
  5 rats
97 creatures vanquished.

Notes
Turn   | Place    | Note
-------+----------+-------------------------------------------
     0 | D:1      | Peloso the Minotaur Fighter began the quest for the Orb.
     0 | D:1      | Reached XP level 1. HP: 19/19 MP: 0/0
    83 | D:1      | Reached XP level 2. HP: 26/27 MP: 1/1
   265 | D:1      | Reached XP level 3. HP: 31/33 MP: 2/2
   510 | D:2      | Reached XP level 4. HP: 41/41 MP: 3/3
   635 | D:2      | Found a faded altar of an unknown god.
   770 | D:2      | Found a deep blue altar of Sif Muna.
  1500 | D:3      | Reached XP level 5. HP: 38/47 MP: 4/4
  1634 | D:3      | Found a hazy altar of Hepliaklqana.
  1960 | D:4      | Found a faded altar of an unknown god.
  1960 | D:4      | Found a white marble altar of Elyvilon.
  1966 | D:4      | Found a faded altar of an unknown god.
  1968 | D:4      | Found a faded altar of an unknown god.
  1969 | D:4      | Found a faded altar of an unknown god.
  2169 | D:4      | Noticed a phantom
  2200 | D:4      | Killed a phantom
  2200 | D:4      | Reached skill level 5 in Armour
  2200 | D:4      | Reached skill level 1 in Dodging
  2200 | D:4      | Reached XP level 6. HP: 55/55 MP: 5/5
  2296 | D:4      | Reached skill level 5 in Fighting
  2512 | D:4      | Reached skill level 5 in Long Blades
  2515 | D:4      | Reached skill level 5 in Shields
  2647 | D:4      | Found a hide-covered altar of Uskayaw.
  2677 | D:5      | Entered Level 5 of the Dungeon
  2762 | D:5      | Found Omymeb's Distillery.
  2766 | D:5      | Bought a potion of curing for 42 gold pieces
  2766 | D:5      | Bought a potion of heal wounds for 70 gold pieces
  2766 | D:5      | Bought a potion of degeneration for 14 gold pieces
  2774 | D:5      | Found a shadowy altar of Dithmenos.
  2869 | D:5      | Found an ancient bone altar of Kikubaaqudgha.
  2955 | D:5      | Reached XP level 7. HP: 57/61 MP: 6/6
  3149 | D:5      | Noticed Blork the orc
  3183 | D:5      | HP: 2/61 [something (2)]
  3184 | D:5      | Slain by Blork the orc

Skill      XL: |  1  2  3  4  5  6  7 |
---------------+----------------------+-----
Fighting       | 4 5 |  5.6
Armour         | 4 5 |  5.6
Shields        | 4 5 6 |  6.0
Long Blades    | 3 4 5 6 |  6.8
Dodging        | 1 |  1.5
Stealth        | |  0.1

Action                   |  1- 3 |  4- 6 |  7- 9 || total
-------------------------+-------+-------+-------++-------
Melee: Long sword        |    78 |   154 |    52 ||   284
       Headbutt          |    11 |    30 |    19 ||    60
  Use: Potion            |       |       |     1 ||     1
  Eat: Chunk             |       |     6 |     1 ||     7
       Fruit             |       |     1 |       ||     1
Armor: Scale mail        |    40 |     3 |       ||    43
       Chain mail        |       |    57 |    25 ||    82
Dodge: Dodged            |    23 |    38 |    17 ||    78
Block: Shield            |    48 |    89 |    23 ||   160
       Rpst.: Long sword |     8 |    11 |     5 ||    24
